[Event "Titled Tuesday Blitz April 11 Early 2023"]
[White "Berezin, Viktor"]
[Black "Nakamura, Hikaru"]
[WhiteFideId "14107872"]
[BlackFideId "2016192"]
[WhiteElo "2310"]
[BlackElo "2885"]
[Result "0-1"]
[Round "01"]
[TimeControl "180+2"]
[Date "2023.04.11"]
[WhiteClock "0:00:16"]
[BlackClock "0:00:15"]

1. d4 f5 2. g3 Nf6 3. Bg2 g6 4. Nh3 d6 5. c3 c6 6. Qb3 Qb6 7. Nd2 Bg7 8. Nf4 Na6 9. h4 Nc7 10. h5 g5 11. h6 Bf8 12. Nd3 Rg8 13. e4 Rg6 14. e5 Nd7 15. Qc2 d5 16. Nf3 Bxh6 17. e6 Rxe6+ 18. Nde5 Nxe5 19. Nxe5 Rf6 20. Qe2 Ne6 21. Qh5+ Kf8 22. Nf3 f4 23. Ne5 Ng7 24. Qe2 Qa6 25. Qxa6 bxa6 26. Bd2 Nf5 27. gxf4 gxf4 28. Bf3 Nd6 29. O-O-O Ne4 30. Rh2 Bf5 31. Rdh1 Bg5 32. Rg1 h6 33. Bg4 Bxg4 34. Nxg4 Re6 35. f3 Nxd2 36. Kxd2 a5 37. a4 Rb8 38. Kd3 Rc8 39. Ne5 Kg7 40. Rhg2 c5 41. Rg4 cxd4 42. cxd4 Rb6 43. Rxf4 Rb3+ 44. Ke2 Rc2+ 45. Kd1 Rcxb2 46. Rf7+ Kg8 47. Rxe7 Rd2+ 48. Ke1 Rb1# 0-1


[Site "https://www.chess.com"]

[Event "Titled Tuesday Blitz April 11 Early 2023"]
[White "So, Wesley"]
[Black "Arpita, Mukherjee"]
[WhiteFideId "5202213"]
[BlackFideId "5056403"]
[WhiteElo "2749"]
[BlackElo "2129"]
[Result "1-0"]
[Round "01"]
[TimeControl "180+2"]
[Date "2023.04.11"]
[WhiteClock "0:01:20"]
[BlackClock "0:00:01"]

1. e4 c5 2. Nf3 d6 3. c3 Nf6 4. Bb5+ Bd7 5. Qe2 g6 6. d4 cxd4 7. cxd4 Bg7 8. Nc3 O-O 9. Bxd7 Nfxd7 10. O-O Nc6 11. Rd1 a6 12. Be3 b5 13. Rac1 Rc8 14. a4 b4 15. Nb1 a5 16. Nbd2 e6 17. Qb5 Ndb8 18. b3 d5 19. exd5 Qxd5 20. Qxd5 exd5 21. Rc5 Ne7 22. Rxa5 Rc3 23. Rb5 Nbc6 24. h3 Rd8 25. g4 h6 26. Kg2 Nc8 27. Rb1 N8a7 28. Rb7 Rb8 29. Rd7 Re8 30. Rxd5 Rc2 31. Rd7 Nc8 32. Nc4 N8e7 33. d5 Nb8 34. Rd6 Nc8 35. Nd4 Rxc4 36. bxc4 Nxd6 37. Rxb4 Na6 38. Rb6 Nxc4 39. Rxa6 Nxe3+ 40. fxe3 Rxe3 41. d6 Rd3 42. d7 Rxd4 43. Ra8+ Kh7 44. d8=Q 1-0


[Site "https://www.chess.com"]

[Event "Titled Tuesday Blitz April 11 Early 2023"]
[White "Lehtosaari, Mauri"]
[Black "Andreikin, Dmitry"]
[WhiteFideId "501999"]
[BlackFideId "4158814"]
[WhiteElo "2538"]
[BlackElo "2736"]
[Result "0-1"]
[Round "01"]
[TimeControl "180+2"]
[Date "2023.04.11"]
[WhiteClock "0:00:03"]
[BlackClock "0:01:16"]

1. d4 Nf6 2. Nf3 e6 3. Bg5 h6 4. Bxf6 Qxf6 5. Nbd2 d6 6. e4 Nd7 7. Bd3 g5 8. h3 Bg7 9. c3 a6 10. Qe2 Qe7 11. Nf1 b6 12. Ng3 h5 13. O-O-O Bb7 14. Kb1 h4 15. Nf1 c5 16. Ne3 b5 17. Bc2 Nb6 18. dxc5 dxc5 19. Ng4 b4 20. cxb4 c4 21. e5 Qxb4 22. Be4 Na4 23. a3 Nc3+ 24. Ka1 Nxe2 25. axb4 Bxe4 26. Rhe1 Bxf3 27. gxf3 Nf4 28. Nf6+ Bxf6 29. exf6 0-1


[Site "https://www.chess.com"]

[Event "Titled Tuesday Blitz April 11 Early 2023"]
[White "Vachier-Lagrave, Maxime"]
[Black "Kumala, Aleksander"]
[WhiteFideId "623539"]
[BlackFideId "1141880"]
[WhiteElo "2740"]
[BlackElo "2269"]
[Result "1-0"]
[Round "01"]
[TimeControl "180+2"]
[Date "2023.04.11"]
[WhiteClock "0:01:33"]
[BlackClock "0:00:42"]

1. e4 e5 2. Nf3 Nf6 3. Nxe5 Nxe4 4. Qe2 Qe7 5. Qxe4 d6 6. d4 dxe5 7. dxe5 Nc6 8. Nc3 Qxe5 9. Qxe5+ Nxe5 10. Bf4 Bd6 11. Bg3 h5 12. O-O-O f6 13. Nb5 h4 14. Nxd6+ cxd6 15. Bf4 g5 16. Be3 Ke7 17. h3 Bf5 18. b3 a6 19. Kb2 b5 20. Be2 Rac8 21. Rd2 Rc6 22. Rc1 Rhc8 23. c3 Rb8 24. Bd4 Be4 25. f3 Bf5 26. f4 gxf4 27. Rf1 Rg8 28. Rxf4 Be6 29. Bf1 Rh8 30. Rdf2 f5 31. Rd2 Rcc8 32. Bf2 Ng6 33. Rfd4 Rcd8 34. a4 bxa4 35. Rxa4 Rb8 36. b4 Ne5 37. Rxa6 Bc4 38. Ra7+ Ke6 39. Rd1 Rhg8 40. Bxh4 Bxf1 41. Re7# 1-0


[Site "https://www.chess.com"]

[Event "Titled Tuesday Blitz April 11 Early 2023"]
[White "koncheto"]
[Black "Duda, Jan-Krzysztof"]
[BlackFideId "1170546"]
[WhiteElo "2537"]
[BlackElo "2790"]
[Result "0-1"]
[Round "01"]
[TimeControl "180+2"]
[Date "2023.04.11"]
[WhiteClock "0:00:04"]
[BlackClock "0:01:35"]

1. e4 e6 2. d4 d5 3. Nd2 Nc6 4. Ngf3 Nf6 5. e5 Nd7 6. c3 f6 7. exf6 Qxf6 8. Bd3 Bd6 9. O-O O-O 10. Re1 e5 11. dxe5 Ndxe5 12. Qb3 Be6 13. Be2 g5 14. h3 h5 15. Rf1 g4 16. hxg4 hxg4 17. Nd4 Nxd4 18. cxd4 Nc6 19. Qd3 Bf5 20. Qb5 Kg7 21. Qxd5 Nxd4 22. Bd1 Rad8 23. Ne4 Bh2+ 24. Kh1 Qh4 25. Qe5+ Bxe5+ 26. Kg1 Qh2# 0-1


[Site "https://www.chess.com"]

[Event "Titled Tuesday Blitz April 11 Early 2023"]
[White "Lazavik, Denis"]
[Black "Kuzmin, Roman"]
[WhiteFideId "13515110"]
[BlackFideId "44134932"]
[WhiteElo "2560"]
[BlackElo "2192"]
[Result "1-0"]
[Round "01"]
[TimeControl "180+2"]
[Date "2023.04.11"]
[WhiteClock "0:00:15"]
[BlackClock "0:00:02"]

1. d4 Nf6 2. c4 e6 3. Nf3 d5 4. g3 Be7 5. Bg2 O-O 6. O-O Nbd7 7. Qc2 c6 8. b3 b6 9. Rd1 Bb7 10. Nc3 c5 11. cxd5 Nxd5 12. Nxd5 exd5 13. Bb2 Rc8 14. dxc5 bxc5 15. Rac1 Qb6 16. Qf5 Qe6 17. Bh3 Qxf5 18. Bxf5 Rc7 19. Nd4 a6 20. Bxd7 Rxd7 21. Nf5 f6 22. Ba3 Rc8 23. Nxe7+ Rxe7 24. Bxc5 Rxe2 25. a4 Ra2 26. Bd4 Rcc2 27. Rxc2 Rxc2 28. Kf1 Bc8 29. Kg2 Bf5 30. Kf3 Kf7 31. Ke3 h5 32. h4 Rc7 33. Kf4 g6 34. f3 Rb7 35. Rc1 Bd7 36. Rc3 Ke6 37. Ke3 Kd6 38. Kd2 Ke6 39. Re3+ Kf7 40. Kc3 g5 41. hxg5 fxg5 42. Re5 h4 43. Rxg5 hxg3 44. Rxg3 Rb8 45. Rg7+ Ke6 46. Rg6+ Kf5 47. Rxa6 Kf4 48. Rf6+ Kg3 49. a5 Rc8+ 50. Kb2 Bb5 51. a6 Ra8 52. a7 Rc8 53. Rb6 Bc6 54. Rb8 1-0


[Site "https://www.chess.com"]

[Event "Titled Tuesday Blitz April 11 Early 2023"]
[White "Richter, Paul"]
[Black "Le, Tuan Minh"]
[WhiteFideId "2046350"]
[BlackFideId "12401153"]
[WhiteElo "2533"]
[BlackElo "2566"]
[Result "0-1"]
[Round "01"]
[TimeControl "180+2"]
[Date "2023.04.11"]
[WhiteClock "0:00:08"]
[BlackClock "0:00:29"]

1. e4 c5 2. Nf3 Nf6 3. Nc3 d5 4. exd5 Nxd5 5. Bc4 Nb6 6. Bb5+ Bd7 7. Bxd7+ Qxd7 8. d3 Nc6 9. Bf4 e6 10. O-O Be7 11. Re1 O-O 12. Ne4 Nd5 13. Bg3 Rfd8 14. Qe2 Rac8 15. Rad1 h6 16. h3 b5 17. c3 b4 18. c4 Nf6 19. Ne5 Qe8 20. Nxc6 Qxc6 21. Be5 Nd7 22. Bf4 Nf8 23. b3 Rd7 24. Rd2 Ng6 25. Be3 Rcd8 26. Qh5 Rxd3 27. Rxd3 Rxd3 28. Bxc5 Nf4 29. Qe5 Bxc5 30. Qxf4 Bd4 31. g3 f5 32. Nd6 e5 33. Qxf5 Rxg3+ 34. Kf1 Rf3 35. Qe6+ Kh7 36. Re2 Rf6 0-1


[Site "https://www.chess.com"]

[Event "Titled Tuesday Blitz April 11 Early 2023"]
[White "Bortnyk, Olexandr"]
[Black "Jimenez Almeida, Luis David"]
[WhiteFideId "14120828"]
[BlackFideId "22242244"]
[WhiteElo "2734"]
[BlackElo "2245"]
[Result "1-0"]
[Round "01"]
[TimeControl "180+2"]
[Date "2023.04.11"]
[WhiteClock "0:00:33"]
[BlackClock "0:00:03"]

1. d4 g6 2. Nc3 d5 3. Bf4 Nf6 4. e3 a6 5. h4 h5 6. Nf3 b5 7. a3 Bg7 8. Ne5 Bb7 9. Bd3 Ne4 10. Qf3 O-O 11. Nxe4 dxe4 12. Bxe4 Bxe4 13. Qxe4 Nd7 14. Nc6 Nf6 15. Qxe7 Qd5 16. Qxc7 Qxg2 17. O-O-O Kh7 18. Rh2 Qd5 19. Nb4 Qf3 20. Qc6 Ne4 21. Nd3 Rac8 22. Bc7 Qf5 23. Qb7 Nf6 24. Bd6 Rfd8 25. Be7 Re8 26. Bxf6 Qxf6 27. Kb1 a5 28. Qxb5 Rb8 29. Qxa5 Qf3 30. Rg1 Qe2 31. Qe1 Qf3 32. Rhg2 Rec8 33. Qd1 Qc6 34. Rg5 Qb6 35. f4 Rc3 36. Rxh5+ gxh5 37. Qxh5+ Kg8 38. Qe5 f6 39. Qe7 1-0


[Site "https://www.chess.com"]

[Event "Titled Tuesday Blitz April 11 Early 2023"]
[White "Krishnan, Varun"]
[Black "Hakobyan, Aram"]
[WhiteFideId "5054508"]
[BlackFideId "13306677"]
[WhiteElo "2533"]
[BlackElo "2584"]
[Result "0-1"]
[Round "01"]
[TimeControl "180+2"]
[Date "2023.04.11"]
[WhiteClock "0:00:01"]
[BlackClock "0:00:33"]

1. e4 g6 2. d4 Bg7 3. Nc3 c5 4. d5 d6 5. Nf3 Nf6 6. h3 O-O 7. Be2 b5 8. Nxb5 Nxe4 9. O-O Nd7 10. a4 Bb7 11. a5 a6 12. Na3 Ndf6 13. c4 Qxa5 14. Nd2 Qb6 15. Nxe4 Nxe4 16. Qc2 Nf6 17. Bd2 e6 18. dxe6 fxe6 19. Bc3 d5 20. cxd5 exd5 21. Bf3 Qc7 22. Bd4 Rac8 23. Rac1 Nd7 24. Bxg7 Kxg7 25. Rfd1 Rxf3 26. gxf3 Ne5 27. Qe2 d4 28. f4 Nf3+ 29. Kf1 Qd7 30. f5 Re8 31. Qd3 Be4 32. Qb3 Qxf5 33. Kg2 Qg5+ 34. Kf1 Nh2+ 35. Ke2 Bd5+ 36. Kd3 Qf5+ 37. Kd2 Qxf2+ 38. Kd3 Qe2# 0-1


[Site "https://www.chess.com"]

[Event "Titled Tuesday Blitz April 11 Early 2023"]
[White "Paravyan, David"]
[Black "Omelja, Artem"]
[WhiteFideId "4194985"]
[BlackFideId "14119846"]
[WhiteElo "2563"]
[BlackElo "2404"]
[Result "1-0"]
[Round "01"]
[TimeControl "180+2"]
[Date "2023.04.11"]
[WhiteClock "0:00:05"]
[BlackClock "0:00:01"]

1. d4 Nf6 2. c4 e6 3. g3 d5 4. Bg2 c6 5. Nf3 Nbd7 6. O-O Be7 7. Qc2 O-O 8. b3 b6 9. Bb2 Bb7 10. Rd1 Rc8 11. Nc3 Qc7 12. Rac1 Qb8 13. Qb1 Rfd8 14. Qa1 Bf8 15. Ne1 c5 16. cxd5 Nxd5 17. Nxd5 Bxd5 18. Bxd5 exd5 19. dxc5 Nxc5 20. Nf3 Ne4 21. Rxc8 Qxc8 22. Qc1 Qa6 23. Nd4 Qxa2 24. Qc7 Re8 25. Qc6 Rd8 26. Qc7 Re8 27. Qc2 Qa6 28. Qc6 Qc8 29. Qxd5 Nc3 30. Bxc3 Qxc3 31. e3 Qc5 32. Nc6 a5 33. Qd7 Re6 34. Nd4 Rd6 35. Qg4 Rd8 36. Qe2 Qd5 37. Rd2 Bb4 38. Rd3 Bc5 39. Rd2 Bb4 40. Rd3 Qe5 41. Nf3 Qa1+ 42. Kg2 Rxd3 43. Qxd3 g6 44. Qd8+ Kg7 45. Qxb6 Qb2 46. Qd4+ Qxd4 47. Nxd4 Kf6 48. f4 Bc5 49. Kf3 Bxd4 50. exd4 Ke6 51. g4 Kd5 52. Ke3 f6 53. Kd3 h6 54. h3 h5 55. f5 hxg4 56. fxg6 gxh3 57. g7 h2 58. g8=Q+ Kd6 59. Qg2 1-0


[Site "https://www.chess.com"]

[Event "Titled Tuesday Blitz April 11 Early 2023"]
[White "Sreyas Payyappat"]
[Black "Bluebaum, Matthias"]
[WhiteFideId "46674969"]
[BlackFideId "24651516"]
[WhiteElo "2083"]
[BlackElo "2638"]
[Result "0-1"]
[Round "01"]
[TimeControl "180+2"]
[Date "2023.04.11"]
[WhiteClock "0:00:58"]
[BlackClock "0:00:44"]

1. e4 e6 2. d4 d5 3. Nc3 Nf6 4. Bg5 dxe4 5. Nxe4 Be7 6. Bxf6 gxf6 7. Nf3 f5 8. Nc3 a6 9. Bd3 c5 10. Ne2 Nc6 11. c3 cxd4 12. Nexd4 Nxd4 13. Nxd4 Bf6 14. O-O O-O 15. Ne2 e5 16. Ng3 e4 17. Bc4 Be6 18. Bxe6 fxe6 19. Qb3 Qd5 20. Qxd5 exd5 21. Nxf5 Bg5 22. Ne3 Rad8 23. Rad1 Bxe3 24. fxe3 Rxf1+ 25. Rxf1 Kg7 26. Rd1 b5 27. Rd4 Kf6 28. a4 Ke5 29. axb5 axb5 30. Kf2 Kd6 31. Ke2 Ra8 32. Rd2 Kc5 33. Kf2 Rg8 34. g3 Rf8+ 35. Kg2 Rf3 36. Re2 Kc4 37. Re1 Kb3 38. Re2 Kc4 39. Re1 Kd3 40. Rd1+ Kxe3 41. Rxd5 Rf2+ 42. Kh3 Rxb2 43. g4 Kf2 44. Rf5+ Ke2 45. g5 e3 46. Kg3 Kd3 47. h4 Rb1 48. Re5 e2 49. Kf2 Rf1+ 50. Kg3 e1=Q+ 0-1


[Site "https://www.chess.com"]

[Event "Titled Tuesday Blitz April 11 Early 2023"]
[White "Sadhwani, Raunak"]
[Black "Forgacs, Attila Jr."]
[WhiteFideId "35093487"]
[BlackFideId "773654"]
[WhiteElo "2631"]
[BlackElo "2168"]
[Result "1-0"]
[Round "01"]
[TimeControl "180+2"]
[Date "2023.04.11"]
[WhiteClock "0:00:48"]
[BlackClock "0:00:02"]

1. Nf3 Nf6 2. b3 g6 3. Bb2 Bg7 4. g3 O-O 5. Bg2 c5 6. O-O Nc6 7. c4 d6 8. d4 cxd4 9. Nxd4 Nxd4 10. Qxd4 Ne8 11. Qd2 Bxb2 12. Qxb2 Nf6 13. Nc3 Qc7 14. e4 Bd7 15. h3 Bc6 16. Kh2 Rac8 17. f4 a6 18. a4 Qb6 19. Rac1 h5 20. b4 h4 21. gxh4 Qd4 22. Qe2 Nh5 23. b5 Bd7 24. Nd5 Rfe8 25. Bf3 e6 26. Rfd1 Qh8 27. Nb6 Nxf4 28. Qe3 Qe5 29. Nxd7 Nd5+ 30. Nxe5 Nxe3 31. Re1 dxe5 32. Rxe3 Rc5 33. Be2 Rec8 34. Rd1 Kf8 35. Rd7 R5c7 36. Rd6 Ke7 37. Rb6 axb5 38. axb5 Ra8 39. c5 Ra4 40. c6 bxc6 41. bxc6 Ra2 42. Kg3 Rc2 43. Bb5 Rc5 44. Rd3 Rc1 45. Rd7+ Rxd7 46. cxd7 Rg1+ 47. Kf2 Rd1 48. Rb8 Rd4 49. Re8+ Kf6 50. d8=Q+ Rxd8 51. Rxd8 1-0


[Site "https://www.chess.com"]

[Event "Titled Tuesday Blitz April 11 Early 2023"]
[White "Kubicka, Anna"]
[Black "Firouzja, Alireza"]
[WhiteFideId "1152254"]
[BlackFideId "12573981"]
[WhiteElo "2144"]
[BlackElo "2904"]
[Result "0-1"]
[Round "01"]
[TimeControl "180+2"]
[Date "2023.04.11"]
[WhiteClock "0:00:05"]
[BlackClock "0:01:20"]

1. e4 c5 2. Nf3 d6 3. Bb5+ Nd7 4. O-O a6 5. Bd3 Ngf6 6. c3 e6 7. Bc2 c4 8. b3 b5 9. a4 Bb7 10. bxc4 bxc4 11. Na3 Rc8 12. Re1 d5 13. Rb1 Ba8 14. e5 Ne4 15. h3 Bc5 16. Re2 O-O 17. Bb2 Rb8 18. Qc1 Qe7 19. Nxc4 Bxf2+ 20. Kh2 Bg3+ 21. Kg1 Rfc8 22. Ne3 Nxe5 23. Nxe5 Bxe5 24. Ng4 Bf4 25. Qf1 Qa7+ 26. d4 Qc7 27. Bxe4 dxe4 28. Nf2 f5 29. Rd1 Bd5 30. Bc1 Bc4 31. Nd3 exd3 32. Bxf4 dxe2 0-1


[Site "https://www.chess.com"]

[Event "Titled Tuesday Blitz April 11 Early 2023"]
[White "Svane, Rasmus"]
[Black "egorchess95"]
[WhiteFideId "4657101"]
[WhiteElo "2597"]
[BlackElo "2527"]
[Result "1-0"]
[Round "01"]
[TimeControl "180+2"]
[Date "2023.04.11"]
[WhiteClock "0:00:21"]
[BlackClock "0:00:16"]

1. Nf3 d5 2. g3 c6 3. Bg2 Bg4 4. O-O Nd7 5. h3 Bxf3 6. Bxf3 e5 7. d3 Ngf6 8. e4 Bd6 9. Nc3 Nb6 10. a4 d4 11. Nb1 O-O 12. a5 Nbd7 13. Nd2 Bc7 14. Nb3 Ne8 15. Bg4 Nd6 16. Bd2 Nf6 17. Bf3 Nd7 18. h4 c5 19. Bg4 c4 20. Nc1 Nc5 21. Qe2 b5 22. f4 exf4 23. Bxf4 f5 24. exf5 Nxf5 25. Bxc7 Qxc7 26. Bxf5 Qxg3+ 27. Qg2 Qxh4 28. Ne2 Rae8 29. Rf4 Qh5 30. Bg4 Qg5 31. Raf1 Rxf4 32. Nxf4 cxd3 33. cxd3 h6 34. b4 Na6 35. Be6+ Kh7 36. Qxg5 hxg5 37. Bf5+ Kg8 38. Nd5 Rd8 39. Be6+ Kh7 40. Rf7 Rd6 41. Bf5+ Kg8 42. Rxa7 Rxd5 43. Be6+ Kh7 44. Bxd5 Nxb4 45. Be4+ Kh6 46. a6 1-0


[Site "https://www.chess.com"]

[Event "Titled Tuesday Blitz April 11 Early 2023"]
[White "Francisco Guecamburu, Candela Be"]
[Black "Vidit, Santosh Gujrathi"]
[WhiteFideId "160911"]
[BlackFideId "5029465"]
[WhiteElo "2326"]
[BlackElo "2651"]
[Result "0-1"]
[Round "01"]
[TimeControl "180+2"]
[Date "2023.04.11"]
[WhiteClock "0:01:08"]
[BlackClock "0:01:48"]

1. e4 c5 2. Nf3 d6 3. Bb5+ Nd7 4. d4 cxd4 5. Qxd4 a6 6. Be2 Ngf6 7. O-O b6 8. c4 Bb7 9. Nc3 e6 10. Bg5 Be7 11. Rad1 O-O 12. Rfe1 Rc8 13. Bf1 Qc7 14. e5 dxe5 15. Nxe5 Rfd8 16. Ng4 Bc5 17. Nxf6+ gxf6 18. Qh4 fxg5 19. Qxg5+ Kh8 20. Ne4 Rg8 21. Qh5 Bxe4 22. Rxe4 Nf6 23. Qe5 Qxe5 24. Rxe5 Bxf2+ 0-1


[Site "https://www.chess.com"]

[Event "Titled Tuesday Blitz April 11 Early 2023"]
[White "Tabatabaei, M. Amin"]
[Black "Dobre, Claudiu-Cristian"]
[WhiteFideId "12521213"]
[BlackFideId "1211854"]
[WhiteElo "2575"]
[BlackElo "2207"]
[Result "1-0"]
[Round "01"]
[TimeControl "180+2"]
[Date "2023.04.11"]
[WhiteClock "0:02:01"]
[BlackClock "0:00:01"]

1. d4 d5 2. c4 c6 3. Nf3 Nf6 4. cxd5 cxd5 5. Nc3 Nc6 6. Bf4 Bf5 7. Qb3 Na5 8. Qa4+ Bd7 9. Qc2 e6 10. e3 Rc8 11. Bd3 Bb4 12. O-O O-O 13. Ne5 h6 14. h3 Qe7 15. Rac1 Rfd8 16. Qe2 Bc6 17. a3 Bxc3 18. Rxc3 Ba4 19. Rfc1 Rxc3 20. Rxc3 Nc6 21. b3 Nxd4 22. exd4 Be8 23. Qc2 Qxa3 24. g4 a6 25. g5 hxg5 26. Bxg5 Bb5 27. Bxb5 axb5 28. Rg3 Qe7 29. Ng4 Kh8 30. Bxf6 gxf6 31. Qd2 Qf8 32. Nxf6 Ra8 33. Qg5 1-0


[Site "https://www.chess.com"]

[Event "Titled Tuesday Blitz April 11 Early 2023"]
[White "Urbina Perez, Juan Antonio"]
[Black "Sarana, Alexey"]
[WhiteFideId "2217368"]
[BlackFideId "24133795"]
[WhiteElo "2197"]
[BlackElo "2714"]
[Result "0-1"]
[Round "01"]
[TimeControl "180+2"]
[Date "2023.04.11"]
[WhiteClock "0:00:40"]
[BlackClock "0:01:36"]

1. e4 c5 2. Nf3 d6 3. d4 cxd4 4. Nxd4 Nf6 5. Nc3 a6 6. Be3 e5 7. Nb3 Be6 8. Qd2 Nbd7 9. f4 b5 10. f5 Bc4 11. O-O-O Qc7 12. g4 b4 13. Nd5 Bxd5 14. exd5 Nxg4 15. Rg1 Nxe3 16. Qxe3 Qb6 17. Qg3 Be7 18. Qxg7 Bf6 19. Qg2 Ke7 20. Bd3 Rhg8 21. Qh1 a5 22. Nd2 Bg5 23. Rge1 Nf6 24. Kb1 Bxd2 25. Rxd2 a4 26. Rg2 a3 27. Qg1 Qc7 28. Ree2 axb2 29. Rxg8 Rxg8 30. Qe3 Nxd5 31. Qf2 Nc3+ 32. Kxb2 Nd1+ 0-1


[Site "https://www.chess.com"]

[Event "Titled Tuesday Blitz April 11 Early 2023"]
[White "Korobov, Anton"]
[Black "Karamsetty, Jeevan"]
[WhiteFideId "14105730"]
[BlackFideId "2025337"]
[WhiteElo "2638"]
[BlackElo "2111"]
[Result "1-0"]
[Round "01"]
[TimeControl "180+2"]
[Date "2023.04.11"]
[WhiteClock "0:00:30"]
[BlackClock "0:00:02"]

1. d4 g6 2. Nf3 d6 3. c4 Bg7 4. Nc3 Nf6 5. e4 O-O 6. Be2 Nc6 7. d5 Nb8 8. O-O e5 9. Ne1 Re8 10. Be3 a6 11. Nd3 b6 12. b4 c6 13. a4 c5 14. a5 Nbd7 15. Qa4 cxb4 16. Nxb4 Nc5 17. Qc2 Bd7 18. Nc6 Bxc6 19. dxc6 Qc7 20. axb6 Qxb6 21. Nd5 Qxc6 22. Rfb1 Ncxe4 23. Rb6 Qd7 24. Rbxa6 Rxa6 25. Rxa6 Nxd5 26. cxd5 f5 27. Qc6 Qd8 28. Ra7 Qc8 29. Ba6 Qxc6 30. dxc6 d5 31. c7 Nd6 32. Bc5 Nc8 33. Ra8 d4 34. Rxc8 Rxc8 35. Bxc8 e4 36. Be6+ 1-0


[Site "https://www.chess.com"]

[Event "Titled Tuesday Blitz April 11 Early 2023"]
[White "Mekhane, Adam"]
[Black "Oparin, Grigoriy"]
[WhiteFideId "36050601"]
[BlackFideId "24125890"]
[WhiteElo "2177"]
[BlackElo "2647"]
[Result "0-1"]
[Round "01"]
[TimeControl "180+2"]
[Date "2023.04.11"]
[WhiteClock "0:00:03"]
[BlackClock "0:01:23"]

1. e4 c5 2. Nf3 d6 3. d4 cxd4 4. Nxd4 Nf6 5. Nc3 a6 6. b3 e5 7. Nde2 Be6 8. Bb2 Nc6 9. Qd2 d5 10. exd5 Nxd5 11. Nxd5 Qxd5 12. O-O-O Qxd2+ 13. Rxd2 Bb4 14. Bc3 Bc5 15. Ng3 f5 16. Bc4 Bxc4 17. bxc4 O-O 18. Rd5 Bxf2 19. Bxe5 Rae8 20. Bd6 Bxg3 21. Bxg3 f4 22. Bh4 Re2 23. Rd2 f3 24. gxf3 Rxd2 25. Kxd2 Rxf3 26. Rb1 Rf7 27. Bg3 g5 28. Kc3 Kg7 29. c5 h5 30. Kc4 h4 31. Bd6 Kg6 32. Kd5 g4 33. Ke6 Nd8+ 34. Ke5 Rf5+ 35. Ke4 Rf7 36. Rd1 Rf2 37. Be7 Ne6 38. Bxh4 Rxh2 39. Rd6 Kh5 40. Bg3 Re2+ 41. Kd3 Rg2 42. Rxe6 Rxg3+ 43. Ke4 Rc3 44. Rb6 g3 45. Rxb7 Kg4 46. Rg7+ Kh3 47. Kf4 Kh2 48. c6 g2 49. Rh7+ Kg1 50. c7 Kf2 51. Rh2 Rxc7 0-1


[Site "https://www.chess.com"]

[Event "Titled Tuesday Blitz April 11 Early 2023"]
[White "Kramnik, Vladimir"]
[Black "Budrewicz, Krzysztof"]
[WhiteFideId "4101588"]
[BlackFideId "1127950"]
[WhiteElo "2712"]
[BlackElo "2230"]
[Result "1-0"]
[Round "01"]
[TimeControl "180+2"]
[Date "2023.04.11"]
[WhiteClock "0:00:35"]
[BlackClock "0:00:09"]

1. c4 e5 2. d3 Nf6 3. Nf3 Nc6 4. a3 a5 5. Nc3 Bc5 6. e3 d6 7. Be2 O-O 8. b3 Bf5 9. Bb2 e4 10. dxe4 Nxe4 11. Nd5 Bg6 12. O-O Ne7 13. Nf4 Re8 14. Bd3 Nc6 15. Re1 Nf6 16. Bxg6 hxg6 17. Qc2 Ne5 18. Nxe5 dxe5 19. Nd3 Bd6 20. c5 Bf8 21. Bxe5 c6 22. Rad1 Qc8 23. Bd6 Qf5 24. f3 g5 25. e4 Qg6 26. Ne5 Qh5 27. Nc4 g4 28. e5 Nd5 29. fxg4 Qxg4 30. Qf2 Qg6 31. Rd4 Re6 32. h3 Rae8 33. Rf1 a4 34. Rg4 Qh5 35. bxa4 f6 36. Qg3 Qh6 37. Rg6 Qh7 38. exf6 Nxf6 39. Rgxf6 Rxf6 40. Rxf6 Bxd6 41. Nxd6 1-0


[Site "https://www.chess.com"]

[Event "Titled Tuesday Blitz April 11 Early 2023"]
[White "tetrix83"]
[Black "Alekseenko, Kirill"]
[BlackFideId "4135539"]
[WhiteElo "2520"]
[BlackElo "2683"]
[Result "1-0"]
[Round "01"]
[TimeControl "180+2"]
[Date "2023.04.11"]
[WhiteClock "0:00:12"]
[BlackClock "0:00:01"]

1. e4 c5 2. Nf3 Nc6 3. Bb5 e6 4. O-O Nge7 5. Re1 Nd4 6. Nxd4 cxd4 7. c3 a6 8. Bf1 Nc6 9. d3 Bc5 10. Qg4 Qf6 11. c4 e5 12. f4 d5 13. f5 dxc4 14. dxc4 g6 15. Bg5 Qd6 16. Bd3 Nb4 17. Qe2 f6 18. Bh6 Rg8 19. Nd2 Bd7 20. a3 Nxd3 21. Qxd3 a5 22. b4 Ba7 23. c5 Qa6 24. Qb3 O-O-O 25. Nc4 Kb8 26. Nd6 a4 27. Qf7 gxf5 28. Qxf6 fxe4 29. Qxe5 Ka8 30. Qxd4 Bc6 31. Rab1 Rg6 32. Bf4 e3 33. g3 b5 34. Qxe3 Rgxd6 35. Bxd6 Rxd6 36. Qe7 Rd7 37. Qf8+ Kb7 38. Re7 Bb8 39. Rd1 Kc7 40. Qf4+ Kc8 41. Re8+ Kb7 42. Qxb8# 1-0


[Site "https://www.chess.com"]

[Event "Titled Tuesday Blitz April 11 Early 2023"]
[White "Martinez Alcantara, Jose Eduardo"]
[Black "Yelisieiev, Yevhenii"]
[WhiteFideId "3805662"]
[BlackFideId "14139642"]
[WhiteElo "2711"]
[BlackElo "2425"]
[Result "1-0"]
[Round "01"]
[TimeControl "180+2"]
[Date "2023.04.11"]
[WhiteClock "0:00:26"]
[BlackClock "0:00:04"]

1. e4 d6 2. d4 Nf6 3. Bd3 e5 4. Nf3 Nbd7 5. Nbd2 g6 6. c3 Bg7 7. O-O O-O 8. Re1 b6 9. Nf1 Bb7 10. Ng3 Re8 11. d5 a5 12. c4 Nc5 13. Bc2 a4 14. Rb1 h5 15. Bg5 Qc8 16. b4 axb3 17. axb3 b5 18. cxb5 Qb8 19. Be3 Ncd7 20. h3 Bc8 21. Bd3 Nf8 22. Qe2 Bd7 23. Rec1 Qb7 24. b4 Reb8 25. b6 cxb6 26. Bb5 Ra3 27. Bc6 Qa7 28. b5 Bc8 29. Qb2 N8d7 30. Ra1 Rxa1 31. Rxa1 Qc7 32. Qc2 Nc5 33. Bxc5 dxc5 34. Nd2 Ne8 35. Nc4 Nd6 36. Nxd6 Qxd6 37. Nf1 Bh6 38. Ra7 Qf6 39. Qc3 Qf4 40. d6 Be6 41. d7 Rd8 42. Qd3 c4 43. Qd6 Qf6 44. Bd5 Bf8 45. Qc6 Bc5 46. Ne3 c3 47. Bxe6 c2 48. Ra1 Qxe6 49. Qxe6 fxe6 50. Nxc2 Rxd7 51. Ne1 Rd2 52. Nf3 Rxf2 53. Kh1 Re2 54. Ra4 Bd4 55. Nxd4 exd4 56. Rxd4 Rb2 57. Rd6 Rxb5 58. Rxe6 Kf7 59. Rc6 Rb1+ 60. Kh2 b5 61. Kg3 b4 62. Rb6 b3 63. Kf4 Rg1 64. Ke5 Rxg2 65. Rb7+ Kg8 66. Rxb3 Kg7 67. Rd3 Kh6 68. Kd6 Re2 69. e5 Kg5 70. Rd4 Re3 71. h4+ Kf5 72. Rd5 Kg4 73. e6 Rxe6+ 74. Kxe6 Kxh4 75. Kf6 Kg3 76. Kg5 h4 77. Rd3+ Kf2 78. Kxh4 Ke2 79. Rd5 Kf3 80. Rg5 Kf4 81. Rxg6 Ke4 82. Kg4 Kd4 83. Kf4 1-0


[Site "https://www.chess.com"]

[Event "Titled Tuesday Blitz April 11 Early 2023"]
[White "Dushyant Sharma"]
[Black "Nguyen, Ngoc Truong Son"]
[WhiteFideId "25065130"]
[BlackFideId "12401110"]
[WhiteElo "2198"]
[BlackElo "2556"]
[Result "0-1"]
[Round "01"]
[TimeControl "180+2"]
[Date "2023.04.11"]
[WhiteClock "0:00:02"]
[BlackClock "0:00:44"]

1. e4 c5 2. Nf3 Nc6 3. d4 cxd4 4. Nxd4 e6 5. Nc3 a6 6. Be3 Nf6 7. f4 Bb4 8. Nxc6 bxc6 9. Bd3 d5 10. e5 Nd7 11. O-O Bc5 12. Bxc5 Nxc5 13. Kh1 O-O 14. Qh5 Nxd3 15. cxd3 Rb8 16. b3 c5 17. Rf3 g6 18. Qh6 f6 19. Rg3 Rb7 20. Na4 fxe5 21. fxe5 Rbf7 22. h3 Qc7 23. Qe3 d4 24. Qe2 Rf2 25. Qe1 Bb7 26. Rc1 Qc6 27. Qg1 R8f3 28. gxf3 Qxf3+ 29. Rxf3 Bxf3+ 30. Qg2 Bxg2+ 31. Kg1 Rxa2 32. Rxc5 Bxh3 33. Rc8+ Kg7 34. Rd8 h5 35. Rxd4 g5 36. Rd7+ Kg6 37. d4 Rg2+ 38. Kh1 Rd2 39. Nc5 h4 0-1


[Site "https://www.chess.com"]